 Dungeon Crawl Stone Soup version 0.25-a0-317-g5f8687bca5 (webtiles) character file.

Game seed: 17355073145009524467, levelgen mode: deterministic

54 Error4North the Skirmisher (level 3, -1/33 HPs)
             Began as a Hill Orc Fighter on Dec 26, 2019.
             Slain by a gnoll
             ... wielding a +0 whip
              (3 damage)
             ... on level 2 of the Dungeon.
             The game lasted 00:03:18 (714 turns).

Error4North the Skirmisher (Hill Orc Fighter)        Turns: 714, Time: 00:03:20

Health: -1/33      AC:  9    Str: 19    XL:     3   Next: 91%
Magic:  3/3        EV:  5    Int:  8    God:
Gold:   64         SH:  9    Dex: 10    Spells: 2/2 levels left

rFire    . . .     SeeInvis .   a - +0 war axe
rCold    . . .     Gourm    .   c - +0 shield
rNeg     . . .     Faith    .   j - +0 chain mail
rPois    .         Spirit   .   (no helmet)
rElec    .         Reflect  .   (no cloak)
rCorr    .         Harm     .   (no gloves)
MR       .....                  (no boots)
Stlth    ..........             (no amulet)
HPRegen  0.11/turn              (no ring)
MPRegen  0.08/turn              (no ring)

@: no status effects
A: no striking features
a: no special abilities


You were on level 2 of the Dungeon.
You were not hungry.

You visited 1 branch of the dungeon, and saw 2 of its levels.

You collected 64 gold pieces.

Inventory:

Hand Weapons
 a - a +0 war axe (weapon)
Missiles
 e - 102 stones (quivered)
 i - 31 sling bullets
Armour
 c - a +0 shield (worn)
 j - a +0 chain mail (worn)
Jewellery
 b - an uncursed ring of positive energy {unknown}
 q - an uncursed ring of poison resistance {unknown}
Scrolls
 h - a scroll of random uselessness {unknown}
 k - 3 scrolls of identify {unknown}
 n - 2 scrolls of magic mapping {unknown}
 o - a scroll of remove curse {unknown}
 p - a scroll of immolation {unknown}
 r - a scroll of fear {unknown}
 t - a scroll of enchant weapon {unknown}
Potions
 d - 2 potions of might
 l - a potion of degeneration {unknown}
 m - a potion of invisibility {unknown}
 s - a potion of lignification {unknown}
Comestibles
 f - 4 rations
 g - 5 chunks of flesh


   Skills:
 + Level 4.1 Fighting
 + Level 3.5 Axes
 * Level 4.0 Armour
 * Level 3.7 Shields


You had 2 spell levels left.
You didn't know any spells.
Your spell library was empty.

Dungeon Overview and Level Annotations

Branches:
Dungeon (2/15)

Altars:


Message History

You slash the gnoll!
The gnoll is severely wounded.
The gnoll hits you with a +0 spear.
You closely miss the gnoll.
The gnoll is severely wounded.
You block the gnoll's attack. The gnoll hits you with a +0 spear.
You hit the gnoll but do no damage.
The gnoll is severely wounded.
The gnoll hits you with a +0 spear. The gnoll barely misses you.
You barely miss the gnoll.
The gnoll is severely wounded.
You hit the gnoll. You block the gnoll's attack. The gnoll barely misses you.
You block the gnoll's attack. The gnoll hits you but does no damage.
You hit the gnoll.
You kill the gnoll!
You barely miss the gnoll. The gnoll hits you but does no damage.
The gnoll hits you from afar with a +0 halberd!
* * * LOW HITPOINT WARNING * * *
The gnoll hits you with a +0 whip.
You die...

####..## ##
#......##
....#####.#.....#
.
..........#.....#
## #.# #....#####
#.# #...###..##
#†###..###....##
#......##g.....#
#####...@).$....
#.##..g.....
#.########.. #.#
#.. ###


You could see 2 gnolls.

Vanquished Creatures
  2 gnolls (D:2)
  An ooze (D:1)
  2 worms (D:2)
  A dart slug (D:2)
  A leopard gecko (D:1)
  3 bats (D:1)
  2 giant cockroaches (D:1)
  3 hobgoblins (D:1)
  3 frilled lizards
  3 kobolds
  5 rats (D:1)
26 creatures vanquished.

Notes
Turn   | Place    | Note
-------+----------+-------------------------------------------
     0 | D:1      | Error4North the Hill Orc Fighter began the quest for the
                  | Orb.
     0 | D:1      | Reached XP level 1. HP: 19/19 MP: 1/1
    76 | D:1      | Reached XP level 2. HP: 23/27 MP: 2/2
   558 | D:2      | Reached XP level 3. HP: 32/33 MP: 3/3
   714 | D:2      | Slain by a gnoll

Levels and vault maps discovered:
D:1:      dpeg_arrival_refuge, layout_rooms, minmay_tetromino_o2
D:2:      layout_loops_ring, first_ration, minivault_19,
          small_statue_intersection

Skill      XL: |  1  2  3 |
---------------+----------+-----
Fighting       | 4 |  4.1
Axes           | 3 |  3.5
Armour         | 4 |  4.0
Shields        | |  3.7

Action                   || total
-------------------------++-------
Melee: War axe           ||    94
Armor: Scale mail        ||    17
       Chain mail        ||    47
Dodge: Dodged            ||    26
Block: Shield            ||    57

Table legend:
 A = Non-vault XP
 B = Vault XP
 C = Vault XP percentage of total XP
 D = Non-vault monster count
 E = Vault monster count
 F = Vault count percentage of total count
                 A         B        C        D         E       F
            +---------+---------+-------+---------+---------+-------
      Total |      77 |       1 |   1.3 |      25 |       1 |   3.8
            +---------+---------+-------+---------+---------+-------
        D:1 |      32 |       1 |   3.0 |      18 |       1 |   5.3
        D:2 |      45 |       0 |   0.0 |       7 |       0 |   0.0
            +---------+---------+-------+---------+---------+-------
